Map: Shrines of Lizul

Players

OpuS

  • Race: Protoss Protoss
  • League: Platinum
  • Spawn Location: 3:00

AznTrix

  • Race: Terran Terran
  • Spawn Location: 12:00

Yata - Winner!

  • Race: Zerg Zerg
  • League: Gold
  • Spawn Location: 6:00

Myhome - Winner!

  • Race: Terran Terran
  • League: Diamond
  • Spawn Location: 9:00

VOD

Have the link to the VOD?

Description

Time

  • Played on: Aug. 31, 2017, 10:07 p.m.
  • Length: 16:38
Show
View Real Time Build Order
Export as new Build Order

OpuS Protoss 

Build Orders:  

Get SALT Encoding   

  12  0:01  Probe (Chrono Boost)  
  13  0:11  Probe (Chrono Boost)  
  14  0:20  Pylon  
  14  0:23  Probe (Chrono Boost)  
  15  0:38  Probe (Chrono Boost)  
  15  0:41  Gateway  
  16  0:49  Assimilator, Probe (Chrono Boost)  
  17  1:00  Probe (Chrono Boost)  
  18  1:05  Gateway  
  18  1:10  Probe (Chrono Boost)  
  19  1:24  Probe (Chrono Boost)  
  20  1:29  Cybernetics Core  
  20  1:32  Pylon  
  20  1:35  Probe (Chrono Boost)  
  21  1:46  Probe (Chrono Boost)  
  22  1:50  Zealot  
  24  1:54  Assimilator  
  24  1:56  Probe (Chrono Boost)  
  25  2:06  Warp Gate  
  25  2:07  Probe (Chrono Boost)  
  26  2:13  Robotics Facility  
  26  2:21  Probe (Chrono Boost)  
  27  2:50  Nexus  
  27  3:00  Pylon  
  27  3:01  Probe (Chrono Boost)  
  27  3:03  Observer  
  28  3:19  Stalker x2  
  32  3:48  Gateway  
  32  3:50  Gateway  
  32  3:52  Pylon  
  32  4:02  Probe (Chrono Boost)  
  34  4:03  Probe (Chrono Boost)  
  34  4:12  Observer  
  35  4:24  Stalker  
  37  4:26  Probe x2 (Chrono Boost)  
  39  4:46  Robotics Bay  
  39  4:49  Stalker x2  
  39  4:52  Probe x2 (Chrono Boost)  
  45  4:58  Twilight Council  
  45  5:09  Stalker x2  
  49  5:16  Probe x2 (Chrono Boost)  
  51  5:26  Probe (Chrono Boost)  
  51  5:27  Probe (Chrono Boost)  
  53  5:33  Adept x2  
  53  5:35  Adept x2  
  54  5:57  Pylon  
  54  5:58  Pylon  
  54  6:00  Pylon  
  54  6:15  Probe x2 (Chrono Boost)  
  55  6:20  Adept  
  55  6:22  Sentry  
  55  6:24  Adept x2  
  63  6:26  Probe (Chrono Boost)  
  64  6:37  Probe x2 (Chrono Boost)  
  64  6:39  Extended Thermal Lance (Chrono Boost)  
  66  6:41  Charge  
  66  6:42  Zealot  
  67  6:47  Assimilator, Probe (Chrono Boost)  
  67  6:48  Probe (Chrono Boost)  
  67  6:49  Assimilator  
  67  6:52  Pylon  
  69  6:55  Pylon  
  69  6:58  Probe (Chrono Boost)  
  70  7:12  Colossus (Chrono Boost)  
  76  7:40  Zealot x2  
  76  7:41  Zealot x2  
  84  7:52  Colossus (Chrono Boost)  
  84  7:53  Gateway  
  84  7:54  Gateway  
  84  7:57  Gateway  
  84  7:59  Gateway, Probe x2  
  84  8:04  Nexus  
  92  8:14  Zealot  
  94  8:22  Pylon  
  94  8:24  Pylon  
  94  8:27  Pylon  
  94  8:29  Pylon  
  94  8:46  Colossus  
  89  9:03  Zealot  
  89  9:04  Zealot x2  
  89  9:05  Zealot x3  
  99  9:34  Colossus  
  95  9:38  Stalker x2  
  95  9:39  Stalker x3  
  111  10:26  Probe  
  111  10:27  Probe x2  
  111  10:28  Colossus  
  114  10:30  Assimilator  
  114  10:32  Assimilator  
  114  10:34  Stalker x4  
  128  10:36  Pylon  
  128  10:38  Pylon  
  128  10:39  Pylon, Probe  
  114  11:08  Stalker x3  
  114  11:09  Stalker x5  
  128  11:32  Probe  
  128  11:33  Probe  
  128  11:34  Probe  
  131  11:41  Forge  
  131  11:42  Forge  
  131  11:45  Zealot x3  
  131  11:46  Stalker x3  
  143  11:55  Observer  
  102  12:35  Robotics Facility  
  102  12:37  Robotics Facility  
  102  12:41  Zealot  
  102  12:42  Zealot x4  
  102  12:43  Zealot x2  
  116  12:51  Protoss Ground Weapons Level 1  
  116  12:52  Protoss Ground Armor Level 1  
  116  12:57  Nexus  
  116  13:00  Pylon  
  116  13:01  Disruptor  
  116  13:02  Pylon  
  119  13:15  Assimilator  
  119  13:18  Pylon  
  119  13:21  Assimilator  
  119  13:24  Stalker  
  119  13:25  Stalker x3  
  127  13:41  Probe  
  127  13:46  Disruptor  
  128  13:51  Disruptor  
  128  13:53  Pylon  
  126  13:56  Pylon  
  70  14:22  Disruptor  
  55  14:33  Stalker x2  
  55  14:36  Robotics Facility  
  55  14:37  Robotics Facility  
  54  14:48  Immortal (Chrono Boost)  
  54  14:51  Immortal (Chrono Boost)  
  61  15:01  Immortal (Chrono Boost)  
  61  15:05  Stalker x3  
  71  15:17  Stalker x2  
  71  15:18  Stalker  
  89  15:43  Immortal (Chrono Boost)  
Show
View Real Time Build Order
Export as new Build Order

AznTrix Terran 

Build Orders:  

Get SALT Encoding   

  12  0:00  SCV  
  13  0:13  SCV  
  14  0:19  Supply Depot  
  14  0:25  SCV  
  15  0:41  SCV  
  16  0:43  Barracks  
  16  0:51  Supply Depot  
  16  0:53  SCV  
  17  1:09  Barracks  
  17  1:21  Refinery  
  17  1:30  Orbital Command  
  17  1:37  Marine  
  18  1:54  Marine  
  18  1:55  Marine  
  20  2:12  Marine  
  20  2:13  Marine  
  22  2:23  Command Center  
  21  2:38  SCV  
  21  2:39  Marine x2  
  24  2:45  Factory  
  24  2:46  Refinery  
  24  2:51  SCV  
  25  3:01  Marine x2  
  25  3:03  SCV  
  28  3:10  Barracks  
  28  3:14  Engineering Bay  
  28  3:15  SCV  
  28  3:16  Supply Depot  
  29  3:36  Marine x2  
  29  3:38  Widow Mine, SCV  
  34  3:42  Supply Depot  
  34  3:54  Marine  
  36  3:59  Barracks Tech Lab  
  36  4:00  Barracks Reactor  
  35  4:05  SCV, Missile Turret  
  36  4:10  Factory  
  36  4:11  Marine  
  37  4:21  Combat Shields  
  37  4:24  Marine  
  37  4:26  Starport  
  37  4:29  Marine  
  37  4:31  Terran Infantry Weapons Level 1  
  39  4:32  SCV  
  40  4:45  SCV  
  41  4:46  Marine x2  
  41  4:51  Hellion  
  45  4:57  SCV  
  46  5:06  Hellion  
  47  5:09  SCV  
  46  5:20  Supply Depot  
  41  5:41  SCV, Marine x2  
  42  5:53  Marine x2  
  44  6:03  SCV  
  45  6:13  Supply Depot  
  45  6:30  Marine x2  
  47  6:34  Medivac  
  47  6:38  Hellion x2  
  53  6:50  SCV  
  54  7:03  SCV  
  55  7:30  Command Center  
  55  7:35  Medivac  
  55  7:36  Marine  
  55  7:37  Marine  
  58  7:40  Hellion  
  39  8:32  SCV  
  40  8:38  Stimpack  
  40  8:40  Factory Tech Lab x2  
  40  8:41  Barracks Tech Lab  
  40  8:44  SCV  
  41  8:49  Barracks  
  41  8:55  Marine x3  
  44  8:56  SCV  
  44  9:00  Orbital Command  
  45  9:10  Infernal Pre-Igniter  
  45  9:12  Marine  
  45  9:13  Marine  
  45  9:15  Command Center  
  47  9:20  Hellion  
  49  9:42  Marine x3  
  49  9:45  Medivac  
  54  9:46  Marine  
  55  9:53  Barracks Tech Lab  
  55  10:00  Marine x3, SCV x2  
  60  10:11  Marine x2  
  60  10:12  SCV  
  63  10:18  Marine x3  
  65  10:27  Medivac  
  67  10:29  Marine x2  
  69  10:35  Marine  
  69  10:38  Marine  
  69  10:41  Marine  
  69  10:42  SCV x2  
  74  10:47  Marine x2  
  72  10:54  SCV  
  56  10:59  Marine  
  56  11:02  Marine  
  40  11:05  Marine x2  
  40  11:06  Widow Mine  
  34  11:13  Hellion  
  34  11:16  Marine  
  36  11:19  Marine  
  36  11:22  Marine  
  38  11:30  Orbital Command  
  38  11:35  Hellion  
  40  11:44  Marine x4  
  44  11:52  Medivac  
  46  11:55  Siege Tank  
  46  11:56  Siege Tank  
  46  12:00  Refinery  
  52  12:01  Refinery, Marine  
  53  12:14  SCV  
  54  12:16  Marine x3  
  54  12:19  Marine  
  58  12:26  SCV  
  59  12:31  SCV x2  
  59  12:33  Marine  
  59  12:34  Marine x2  
  59  12:36  Supply Depot  
  64  12:37  Marine  
  64  12:41  SCV  
  64  12:43  SCV x2  
  68  12:51  Marine x2  
  68  12:52  Marine  
  68  12:53  SCV  
  68  12:55  SCV, Marine  
  74  12:59  Medivac  
  74  13:02  SCV  
  77  13:07  SCV x2  
  77  13:09  Marine x3  
  82  13:13  Marine  
  82  13:14  SCV  
  82  13:15  Refinery  
  82  13:17  Refinery, Missile Turret  
  82  13:19  SCV  
  86  13:20  SCV  
  86  13:23  Supply Depot  
  86  13:26  SCV  
  87  13:27  Marine x3, Engineering Bay  
  87  13:31  SCV, Marine  
  87  13:33  SCV  
  93  13:38  SCV  
  96  13:45  Marine x3  
  96  13:48  Starport Reactor  
  97  14:30  Marine x2  
  58  14:48  Marine x2  
  59  15:06  Marine x2  
  56  15:23  Marine  
  56  15:24  Marine  
  56  15:28  Supply Depot  
  52  15:41  Marine x2  
  46  15:59  Marine x2  
  36  16:17  Marine x2  
Show
View Real Time Build Order
Export as new Build Order

Yata Zerg - Winner!

Build Orders: Hatch First, Swarm Host 

Get SALT Encoding   

  12  0:01  Drone  
  13  0:13  Overlord  
  13  0:20  Drone  
  14  0:31  Drone x2  
  14  0:35  Drone  
  17  1:05  Hatchery  
  16  1:21  Drone x3  
  19  1:41  Extractor  
  19  1:44  Drone x2, Spawning Pool  
  19  1:56  Overlord  
  19  2:18  Drone  
  19  2:19  Drone x2  
  22  2:38  Queen x2  
  22  2:40  Zergling x4  
  22  2:42  Overlord x2  
  22  2:43  Metabolic Boost  
  28  3:04  Drone  
  28  3:05  Drone x3  
  32  3:10  Drone, Baneling Nest  
  31  3:52  Zergling x2  
  31  3:53  Zergling x22  
  43  4:00  Lair  
  43  4:04  Drone  
  43  4:07  Overlord  
  44  4:15  Baneling x4  
  44  4:26  Drone x4  
  44  4:27  Drone x4  
  52  4:42  Extractor  
  52  4:44  Overlord x2  
  51  5:01  Hatchery  
  51  5:02  Queen  
  52  5:18  Centrifical Hooks, Roach Warren  
  42  5:52  Zergling x24  
  42  5:53  Zergling x4  
  51  6:27  Zergling x14  
  51  6:32  Baneling x4  
  58  6:33  Baneling x4  
  58  6:34  Overlord x4  
  58  6:44  Glial Reconstitution  
  58  6:47  Overlord x3  
  58  6:52  Queen  
  60  6:54  Drone x3  
  60  6:56  Drone x3  
  60  6:57  Drone  
  67  7:07  Evolution Chamber  
  66  7:12  Zergling x12  
  72  7:29  Roach x7  
  86  7:33  Zerg Missile Weapons Level 1  
  86  7:37  Extractor  
  86  7:39  Extractor  
  84  7:48  Drone x5  
  84  7:49  Drone x5  
  94  7:54  Roach  
  75  8:26  Roach x8  
  75  8:27  Roach x5  
  96  8:38  Extractor  
  96  8:39  Zergling x2  
  96  8:40  Zergling x12  
  96  8:41  Extractor  
  101  8:49  Overlord x3  
  101  8:59  Roach  
  101  9:00  Roach x2  
  100  9:38  Roach  
  100  9:39  Roach x12  
  124  10:03  Zerg Ground Armor Level 1  
  124  10:33  Spire  
  123  10:37  Spire  
  123  10:41  Infestation Pit, Drone x3  
  123  10:42  Drone x5  
  129  10:54  Roach x4  
  129  10:55  Roach  
  119  11:09  Roach  
  119  11:10  Roach x6  
  133  11:23  Hive  
  133  11:34  Swarm Host  
  136  11:59  Overlord x3  
  136  12:00  Overlord x6  
  136  12:01  Overlord x2  
  136  12:06  Hatchery  
  127  12:29  Swarm Host x13  
  166  12:40  Roach x3  
  172  12:50  Zerg Melee Weapons Level 1  
  172  12:58  Roach x3  
  174  12:59  Roach x5  
  188  13:15  Burrow, Pneumatized Carapace  
  188  13:33  Drone x7  
  188  13:34  Drone  
  196  13:42  Greater Spire  
  152  14:09  Roach x17  
  168  14:10  Roach  
  146  14:28  Roach x3  
  146  14:29  Roach x4  
  149  14:43  Roach x7  
  163  14:52  Queen  
  165  15:20  Hatchery  
  162  15:36  Roach x3  
  162  15:37  Roach x12  
  192  15:49  Roach x3  
  150  15:50  Roach  
Show
View Real Time Build Order
Export as new Build Order

Myhome Terran - Winner!

Build Orders: Reaper Expand, MMM Bio 

Get SALT Encoding   

  12  0:01  SCV  
  13  0:13  SCV  
  14  0:18  Supply Depot  
  14  0:25  SCV  
  15  0:40  SCV  
  15  0:42  Barracks  
  16  0:46  Refinery  
  16  0:52  SCV  
  17  1:04  SCV  
  18  1:16  SCV  
  19  1:28  Orbital Command  
  19  1:29  Supply Depot  
  19  1:33  Reaper  
  20  1:54  Command Center  
  20  1:57  SCV  
  21  2:09  Barracks Reactor  
  21  2:14  SCV  
  22  2:20  Refinery  
  22  2:23  Barracks  
  22  2:26  SCV  
  23  2:38  SCV  
  23  2:42  Factory  
  24  2:47  Marine x2  
  24  2:50  SCV  
  27  3:03  SCV  
  28  3:06  Orbital Command  
  28  3:12  Barracks Tech Lab  
  27  3:13  Marine x2  
  27  3:15  SCV  
  30  3:28  Starport  
  30  3:30  Marine  
  30  3:33  Marine x2  
  33  3:35  Stimpack  
  33  3:36  SCV, Engineering Bay  
  33  3:37  SCV  
  35  3:46  Engineering Bay  
  35  3:48  Factory Tech Lab  
  35  3:50  Marine  
  35  3:51  SCV  
  35  3:52  SCV  
  38  4:00  Marine  
  38  4:01  Marine  
  40  4:04  SCV x2  
  40  4:07  Medivac  
  44  4:12  Terran Infantry Weapons Level 1  
  44  4:13  Marine  
  44  4:16  SCV  
  46  4:28  Supply Depot x2  
  46  4:49  Siege Tank, SCV x2, Marine x3  
  54  4:54  Missile Turret  
  54  4:58  Missile Turret  
  54  5:01  SCV x2, Missile Turret  
  54  5:06  Marine x3  
  58  5:13  SCV x2  
  60  5:17  Barracks  
  60  5:19  Barracks  
  60  5:24  Marine x3  
  54  5:32  Starport Reactor  
  54  5:34  Siege Tank  
  57  5:36  SCV x2  
  57  5:42  Marine x3  
  62  5:53  Missile Turret  
  62  5:54  Terran Infantry Armor Level 1, Command Center  
  62  5:56  Missile Turret  
  62  6:00  Armory  
  63  6:04  Marine x2  
  63  6:08  Barracks  
  65  6:11  Barracks  
  65  6:17  Barracks Tech Lab  
  65  6:19  Marauder  
  65  6:20  Barracks Reactor  
  65  6:22  Marine x2  
  69  6:25  SCV x2  
  69  6:32  Refinery  
  70  6:34  Refinery  
  70  6:37  Combat Shields  
  70  6:51  Marine x4  
  70  6:53  Supply Depot  
  74  6:54  Supply Depot  
  74  6:56  Marine x2  
  74  6:57  Supply Depot, Barracks Tech Lab  
  76  7:04  Supply Depot  
  76  7:05  Supply Depot  
  76  7:09  Marauder x2  
  76  7:11  SCV x2  
  76  7:15  Planetary Fortress  
  82  7:19  Refinery  
  82  7:23  Marine x4  
  82  7:24  Marauder  
  88  7:30  Marauder  
  88  7:33  Medivac  
  88  7:35  Marine  
  88  7:36  Marine  
  94  7:38  SCV x2  
  94  7:40  Marine  
  94  7:41  Marine x2  
  99  7:49  Barracks  
  99  7:50  Terran Infantry Weapons Level 2, Barracks  
  99  7:53  Supply Depot, Marine x2  
  101  8:04  Refinery, Marine x4  
  105  8:10  Medivac  
  107  8:16  Marine x4  
  111  8:21  Marine  
  111  8:22  Marine x3  
  115  8:28  Terran Infantry Armor Level 2  
  115  8:34  Marine x3  
  118  8:44  Marine x5  
  118  8:46  Medivac  
  125  8:52  Viking, Marine x2  
  129  9:04  Marine x5  
  129  9:07  SCV  
  135  9:16  Viking  
  137  9:18  Marine x3  
  137  9:21  Marine  
  141  9:27  Marine  
  141  9:28  Marine x2, Marauder  
  141  9:29  Supply Depot  
  141  9:30  Barracks Reactor  
  141  9:31  Supply Depot  
  146  9:41  Marine x3  
  149  9:50  Marine x4  
  149  9:51  Marauder x2  
  157  9:57  Supply Depot x2  
  157  10:00  Supply Depot  
  157  10:02  Marine x3  
  159  10:08  Marine  
  159  10:09  Marauder  
  159  10:12  Marauder  
  164  10:25  Marine x2  
  164  10:26  Viking, Marine x2  
  164  10:27  Viking  
  172  10:34  Marine  
  172  10:35  Marine x6  
  179  10:46  Marine x2  
  181  10:52  Marine x2  
  181  10:53  Marine  
  181  10:54  Marine  
  181  10:55  Marine x4  
  181  10:56  SCV x2  
  181  10:57  SCV  
  181  11:07  Viking  
  181  11:08  Marine, SCV  
  181  11:09  Marine x2  
  181  11:22  Marine x2  
  181  11:23  Marine x3  
  181  11:24  Marine x2  
  181  11:41  Command Center  
  181  11:48  Viking x2  
  181  11:51  Supply Depot  
  181  11:52  Supply Depot  
  185  12:01  Terran Infantry Armor Level 3  
  185  12:02  Terran Infantry Weapons Level 3  
  150  12:25  Viking x2  
  152  12:38  Supply Depot, Starport x2  
  152  12:40  Starport  
  152  12:41  SCV x3  
  152  12:42  Fusion Core  
  155  12:54  Planetary Fortress  
  155  12:55  Viking x2  
  155  12:57  Marine x5  
  155  12:58  Marine x5  
  169  13:16  Medivac  
  169  13:17  Medivac  
  173  13:25  Medivac x2  
  177  13:28  Refinery  
  177  13:32  Refinery  
  177  13:33  Starport Reactor  
  177  13:46  Medivac  
  177  13:47  Medivac  
  181  13:55  Viking, Medivac, Marine x4  
  185  13:56  Marine x3  
  185  13:59  Siege Tank  
  185  14:02  SCV x2  
  177  14:15  Marine x4  
  177  14:16  Viking, Marine x7  
  177  14:17  Viking  
  192  14:24  Viking  
  192  14:25  Viking  
  192  14:31  Siege Tank  
  199  14:33  Marine  
  199  14:38  Marine x3  
  200  14:42  Marine  
  200  14:43  Marine x2  
  200  14:59  Marine  
  199  15:11  Marine  
  189  16:03  Marine x6  
  189  16:04  Marine x2  
  197  16:14  Marine  
  197  16:15  Marine x2  
Tags
 
Add a new tag
Caveats
  • Supply blocks, unpowered buildings, or Contaminate may cause inaccurate times.
  • Supply counts are checked every 10 seconds.